 Dungeon Crawl Stone Soup version 0.30.1-11-g7821555f0a (webtiles) character file.

Game seed: 17422792499457412872

147 Shaksi the Sneak (level 5, -3/37 HPs)
             Began as a Human Enchanter on Dec 4, 2023.
             Slain by a sleepcap (6 damage)
             ... on level 4 of the Dungeon.
             The game lasted 00:06:00 (1375 turns).

Shaksi the Sneak (Human Enchanter)                  Turns: 1375, Time: 00:06:00

Health: -3/37      AC:  4    Str: 10    XL:     5   Next: 54%
Magic:  8/8        EV: 12    Int: 15    God:
Gold:   35         SH:  0    Dex: 14    Spells: 1/9 levels left

rFire   . . .        a - +2 dagger
rCold   . . .        (no shield)
rNeg    . . .        b - +0 robe
rPois   .            (no helmet)
rElec   .            k - +1 cloak
rCorr   .            (no gloves)
SInv    .            (no boots)
Will    .....        (no amulet)
Stlth   +++          (no ring)
HPRegen 0.26/turn    (no ring)
MPRegen 0.11/turn

%: no passive effects
@: no status effects
A: no striking features
a: no special abilities


You were on level 4 of the Dungeon.
You visited 1 branch of the dungeon, and saw 5 of its levels.

You collected 35 gold pieces.

Inventory:

Hand Weapons
 a - a +2 dagger (weapon)
Armour
 b - a +0 robe (worn)
 k - a +1 cloak (worn)
Jewellery
 d - an amulet of magic regeneration


   Skills:
 * Level 1.1 Fighting
 * Level 1.5 Short Blades
 * Level 1.0 Armour
 * Level 2.3 Dodging
 * Level 4.1 Stealth
 * Level 2.6 Spellcasting
 * Level 3.5 Hexes
 * Level 1.0 Ice Magic


You had one spell level left.
You knew the following spells:

 Your Spells              Type           Power      Damage    Failure   Level
a - Ensorcelled Hibernat  Hex/Ice        16%        N/A       12%         2
b - Tukima's Dance        Hex            12%        N/A       14%         3
c - Vhi's Electric Charg  Tloc/Air       2%         N/A       54%         3

Your spell library contained the following spells:

 Spells                   Type           Power      Damage    Failure   Level
 Confusing Touch          Hex            12%        N/A       14%         3
 Dazzling Flash           Conj/Hex       14%        N/A       30%         3
 Arcjolt                  Conj/Air       0%         1d10      99%         5
 Maxwell's Capacitive Co  Air            0%         ∞         100%        8


Dungeon Overview and Level Annotations

Branches:
Dungeon (5/15)
 Temple: D:4-7

Altars:
Dithmenos
Zin


Message History

Your kobold's corpse dissolves into shadows!
The sleepcap releases spores at you.
* * * LOW HITPOINT WARNING * * *
You are engulfed in a cloud of soporific spores!
You fall asleep.
Your hound looks even sicker. x2
Your hound is engulfed in poison gas.
Your hound looks even sicker.
Your hound bites the sleepcap.
Your hound is engulfed in poison gas.
Your hound looks even sicker.
The sleepcap releases spores at you.
You wake up.
* * * LOW HITPOINT WARNING * * *
You are engulfed in a cloud of soporific spores!
You are unaffected.
As you read the scroll labelled ZET PY OFRIOMM, it crumbles to dust.
The scroll dissolves into smoke.
It was a scroll of fog.
Your hound is engulfed in poison gas.
Your hound looks as sick as possible!
Your hound bites the sleepcap but does no damage.
Your hound is engulfed in poison gas.
Your hound looks as sick as possible!
The sleepcap completely misses you.
Unknown command.
You kill your hound!
Your hound's corpse dissolves into shadows!
You kill your hound!
Your hound's corpse dissolves into shadows!
The sleepcap releases spores at you.
* * * LOW HITPOINT WARNING * * *
You are engulfed in a cloud of soporific spores!
You are unaffected.
The sleepcap releases spores at you.
* * * LOW HITPOINT WARNING * * *
The sleepcap barely misses you. The sleepcap closely misses you.
The sleepcap releases spores at you.
* * * LOW HITPOINT WARNING * * *
The sleepcap completely misses you. The sleepcap releases spores at you.
You die...

#.#..#.# ###.###.# .g
#<....§####...###.#
.§.#####.○○. .....##....#
○○.☼..☼§§○# #.........
#○#○○.☼..#####.........
#.##○.○☼..○☼..##.........
.§B☼...§°.☼##..§.........
#○☼°§§☼○.§§##...<.....
##§§§°@#...###.........
#§.§.§○§f○### #.........
.○°#.§.○##.§####.........
## #☼######☼☼>.###.##.###
#☼. ####§....##.# #§.
###..# .# §.# ####


You could see a sleepcap and a giant cockroach.

Vanquished Creatures
  A scorpion (D:3)
  A hound (D:5)
  2 adders
  A gnoll (D:5)
  A worm (D:3)
  2 dart slugs
  4 bats
  2 endoplasms (D:3)
  A goblin (D:3)
  2 hobgoblins (D:3)
  2 jackals (D:1)
  A kobold (D:3)
  A quokka (D:3)
  2 ball pythons
  A frilled lizard (D:3)
  A rat (D:1)
25 creatures vanquished.

Notes
Turn   | Place    | Note
-------+----------+-------------------------------------------
     0 | D:1      | Shaksi the Human Enchanter began the quest for the Orb.
     0 | D:1      | Reached XP level 1. HP: 13/13 MP: 3/3
    89 | D:1      | Reached XP level 2. HP: 16/19 MP: 5/5
    92 | D:1      | Learned a level 2 spell: Ensorcelled Hibernation
   193 | D:2      | Reached XP level 3. HP: 24/24 MP: 6/6
   197 | D:2      | Learned a level 3 spell: Tukima's Dance
   350 | D:3      | Found a glowing silver altar of Zin.
  1001 | D:3      | Noticed a scorpion
  1006 | D:3      | Killed a scorpion
  1007 | D:3      | Reached skill level 1 in Fighting
  1007 | D:3      | Reached XP level 4. HP: 24/32 MP: 4/7
  1109 | D:3      | Reached skill level 4 in Stealth
  1109 | D:3      | Reached XP level 5. HP: 20/37 MP: 8/8
  1201 | D:4      | Found a shadowy altar of Dithmenos.
  1257 | D:5      | Entered Level 5 of the Dungeon
  1288 | D:5      | Reached skill level 1 in Armour
  1288 | D:5      | Reached skill level 1 in Ice Magic
  1334 | D:5      | Learned a level 3 spell: Vhi's Electric Charge
  1375 | D:4      | Slain by a sleepcap

Illustrated notes

Levels and vault maps discovered:
D:1:      noname_arrival_rooms_in_the_neighbourhood, layout_loops_corners
D:2:      layout_loops_ring, minmay_pentomino_u4
D:3:      layout_loops_corners, zin_scriptorium, serial_shops,
          nicolae_shop_crystal
D:4:      nicolae_cairo_tiling_large_dashed, layout_rooms,
          mainiacjoe_overflow_brackets
D:5:      layout_cave_pods, uniq_edmund

Skill      XL: |  1  2  3  4  5 |
---------------+----------------+-----
Fighting       | 1 |  1.1
Stealth        | 4 |  4.1
Armour         | 1 |  1.0
Ice Magic      | 1 |  1.0
Short Blades   | |  1.5
Dodging        | |  2.3
Spellcasting   | |  2.6
Hexes          | |  3.5

Action                     |  1- 3 |  4- 6 || total
---------------------------+-------+-------++-------
  Melee: Dagger            |    61 |    28 ||    89
         Punch             |     1 |       ||     1
   Cast: Ensorcelled Hiber |    12 |     5 ||    17
         Tukima's Dance    |     2 |     1 ||     3
    Use: Potion            |     2 |     3 ||     5
         Scroll            |       |     5 ||     5
   Stab: Sleeping          |    14 |     2 ||    16
         Invisible         |       |     1 ||     1
 Armour: Robe              |    20 |    10 ||    30
  Dodge: Dodged            |    36 |    31 ||    67
